 Dungeon Crawl Stone Soup version 0.31.0 (webtiles) character file.

Game seed: 17470215349558447367

3416 qw the Skirmisher (level 10, -1/64 HPs)
             Began as a Gargoyle Hunter on Jan 19, 2024.
             Slain by a yak (3 damage)
             ... on level 7 of the Dungeon.
             The game lasted 00:00:42 (6500 turns).

qw the Skirmisher (Gargoyle Hunter)                 Turns: 6500, Time: 00:00:43

Health: -1/64      AC: 18    Str: 16    XL:     10   Next: 5%
Magic:  10/10      EV: 13    Int:  9    God:
Gold:   370        SH:  0    Dex: 17    Spells: 9/9 levels left

rFire   . . .        b - +1 orcbow
rCold   . . .        (shield currently unavailable)
rNeg    + . .        n - +0 steam dragon scales
rPois   inf          i - +1 hat
rElec   +            (no cloak)
rCorr   .            g - +2 pair of gloves
SInv    .            e - +0 pair of boots
Will    .....        (no amulet)
Stlth   ++           (no ring)
HPRegen 0.30/turn    (no ring)
MPRegen 0.12/turn

%: no passive effects
@: about to teleport
A: sickness immunity, AC +7, negative energy resistance 1, electricity
resistance, torment resistance 1, petrification resistance
a: no special abilities


You were on level 7 of the Dungeon.
You visited 1 branch of the dungeon, and saw 7 of its levels.

You collected 370 gold pieces.


Innate Abilities, Weirdness & Mutations

You are immune to sickness and miasma.
Your stone body is resilient. (AC +7)
You are immune to poison.
You resist negative energy. (rN+)
You are resistant to electric shocks. (rElec)
You are resistant to unholy torment.
You are immune to petrification.


   Skills:
 - Level 8.0 Fighting
 + Level 11.7 Ranged Weapons
 - Level 3.4 Armour
 - Level 3.1 Dodging
 - Level 1.1 Stealth


You had 9 spell levels left.
You didn't know any spells.
Your spell library was empty.

Inventory:

Hand Weapons
 b - a +1 orcbow (weapon)
Armour
 e - a +0 pair of boots (worn)
 g - a +2 pair of gloves (worn)
 i - a +1 hat (worn)
 m - a +1 robe of resistance
 n - +0 steam dragon scales (worn)
Jewellery
 l - the amulet of Midsummer {-Cast *Corrode Regen+ Str+7}
   (You took it off a kobold on level 7 of the Dungeon)

   [amulet of regeneration]

   Str+7:     It affects your strength (+7).
   -Cast:     It prevents spellcasting.
   Regen+:    It increases your rate of health regeneration.
   *Corrode:  It may corrode you when you take damage.
Wands
 a - a wand of iceblast (2)
 k - a wand of polymorph (11)
 o - a wand of mindburst (13)
Scrolls
 h - a scroll of teleportation
Potions
 c - a potion of mutation {unknown}
 d - a potion of enlightenment
 f - a potion of might
 j - a potion of attraction {unknown}

Dungeon Overview and Level Annotations

Branches:
Dungeon (7/15)             Temple (0/1) D:7

Altars:
Gozag
Makhleb
Nemelex Xobeh
Zin
The Shining One

Annotations:
D:2 1 runed translucent door, Crazy Yiuf


Message History

The yak gores you. The yak closely misses you. The yak misses you.
You shoot an arrow. The arrow hits the yak!
The yak is almost dead.
The yak gores you but does no damage. x2; The yak barely misses you.
You shoot an arrow. The arrow hits the yak!
You kill the yak!
The yak gores you but does no damage. x2
You shoot an arrow. The arrow hits the yak.
The yak is lightly wounded.
The yak gores you. The yak gores you!
You shoot an arrow. The arrow barely misses the yak.
The yak barely misses you. The yak closely misses you.
You shoot an arrow.
The arrow hits the yak but does no damage.
The yak is lightly wounded.
The yak closely misses you. The yak barely misses you.
You shoot an arrow.
The arrow hits the yak but does no damage.
The yak is lightly wounded.
The yak barely misses you. The yak gores you but does no damage.
You shoot an arrow. The arrow hits the yak.
The yak is lightly wounded.
The yak gores you. The yak closely misses you.
You shoot an arrow. The arrow barely misses the yak.
You shoot an arrow. The arrow hits the yak.
The yak is moderately wounded.
The yak barely misses you. The yak gores you but does no damage.
You shoot an arrow. The arrow hits the yak!
The yak is severely wounded.
The yak gores you! The yak completely misses you.
6498 ||| READING 2 scrolls of teleportation.
As you read the scroll of teleportation, it crumbles to dust.
You feel strangely unstable. The yak closely misses you.
The yak gores you but does no damage.
You shoot an arrow. The arrow completely misses the yak.
The yak closely misses you. The yak barely misses you.
You shoot an arrow. The arrow hits the yak!
The yak is almost dead.
The yak gores you! The yak gores you.
You die...

##.##
##'#######...>........#
.......>.# ..PP.......
.........# .P...<...
.........# .......
<........# .....
##.#...### ...
#####..########Y#####
#..........Y@....#
#................#
######.####..###....#
#....######..###....#
#....'....#.........#
#....#....'.........#
#....################
######


You could see 2 yaks.

Vanquished Creatures
  Maggie (D:6)
  Grinder (D:3)
  Prince Ribbit (D:6)
  Sigmund (D:6)
  2 yaks (D:7)
  2 steam dragons (D:7)
  A water moccasin (D:7)
  An orc warrior (D:7)
  2 sky beasts
  2 black bears
  3 centaurs (D:5)
  2 kobold brigands
  A gnoll sergeant (D:6)
  2 bullfrogs (D:7)
  A scorpion (D:6)
  3 hounds (D:6)
  A jelly (D:6)
  2 orc priests (D:6)
  A bombardier beetle (D:5)
  3 sleepcaps
  Natasha (twice) (D:3)
  5 orc wizards
  Terence (D:3)
  10 gnolls
  8 adders
  3 white imps
  2 ufetubi (D:5)
  A dart slug (D:5)
  A ribbon worm (D:3)
  16 orcs
  6 endoplasms
  4 giant cockroaches
  10 goblins
  10 hobgoblins
  6 jackals
  14 kobolds
  5 quokkas
  6 ball pythons
  A bat (D:2)
  4 frilled lizards
  6 rats
154 creatures vanquished.

Vanquished Creatures (others)
  A sky beast (D:7)
  An orc (D:7)
2 creatures vanquished.

Grand Total: 156 creatures vanquished

Notes
Turn   | Place    | Note
-------+----------+-------------------------------------------
     0 | D:1      | qw the Gargoyle Hunter began the quest for the Orb.
     0 | D:1      | Reached XP level 1. HP: 12/12 MP: 1/1
     0 | D:1      | 0 ||| qw: Version: 0.3-a-132-g3d54051
     0 | D:1      | 0 ||| qw: Game counter: 347
     0 | D:1      | 0 ||| qw: Melee chars always use a shield: true
     0 | D:1      | 0 ||| qw: God list: Okawaru
     0 | D:1      | 0 ||| qw: Allow faded altars: false
     0 | D:1      | 0 ||| qw: Do Orc after clearing Dungeon:15 true
     0 | D:1      | 0 ||| qw: Do second Lair branch before Depths: true
     0 | D:1      | 0 ||| qw: Lair rune preference: random
     0 | D:1      | 0 ||| qw: Goals: Normal
     0 | D:1      | 0 ||| PLANNING D:1-11
   115 | D:1      | Reached XP level 2. HP: 17/17 MP: 2/2
   561 | D:1      | 561 ||| UPGRADING to +0 pair of boots.
   566 | D:1      | 566 ||| READING scroll labelled LAADWACH KOSYO.
   566 | D:1      | 566 ||| IDENTIFYING sapphire potion
   567 | D:1      | 567 ||| READING scroll labelled VOKAGE ZOBUM.
   570 | D:1      | 570 ||| DRINKING 3 fuming silvery potions.
   571 | D:1      | 571 ||| DROPPING scroll of butterflies.
   593 | D:2      | 593 ||| RETREEEEATING.
   594 | D:2      | 594 ||| RETREEEEATING.
   595 | D:2      | 595 ||| RETREEEEATING.
   596 | D:2      | 596 ||| RETREEEEATING.
   597 | D:2      | 597 ||| RETREEEEATING.
   598 | D:2      | 598 ||| RETREEEEATING.
   622 | D:2      | Reached XP level 3. HP: 11/21 MP: 3/3
   631 | D:2      | Reached skill level 5 in Ranged Weapons
   631 | D:2      | 631 ||| FLEEEEING.
   632 | D:2      | 632 ||| FLEEEEING.
   633 | D:2      | 633 ||| FLEEEEING.
   634 | D:2      | 634 ||| STAIRDANCE
   851 | D:2      | Found a burning altar of Makhleb.
   954 | D:2      | Found a runed translucent door.
   955 | D:2      | Noticed Crazy Yiuf
  1091 | D:2      | 1091 ||| UPGRADING to +2 pair of gloves.
  1096 | D:2      | 1096 ||| READING scroll of identify.
  1096 | D:2      | 1096 ||| IDENTIFYING grey potion
  1097 | D:2      | 1097 ||| READING scroll labelled YPRYIXK IFURI.
  1122 | D:3      | Reached skill level 3 in Fighting
  1124 | D:3      | 1124 ||| STAIRDANCE
  1166 | D:3      | 1166 ||| STAIRDANCE
  1168 | D:2      | HP: 5/23 [goblin/+0 club (2)]
  1169 | D:2      | 1169 ||| READING 2 scrolls of teleportation.
  1169 | D:2      | HP: 1/23 [hobgoblin (2)]
  1170 | D:2      | 1170 ||| DRINKING potion of heal wounds.
  1189 | D:2      | 1189 ||| FLEEEEING.
  1190 | D:2      | 1190 ||| FLEEEEING.
  1191 | D:2      | 1191 ||| FLEEEEING.
  1192 | D:2      | 1192 ||| FLEEEEING.
  1193 | D:2      | 1193 ||| FLEEEEING.
  1194 | D:2      | 1194 ||| FLEEEEING.
  1195 | D:2      | 1195 ||| STAIRDANCE
  1236 | D:2      | Reached skill level 1 in Armour
  1236 | D:2      | Reached XP level 4. HP: 28/28 MP: 4/4
  1283 | D:3      | 1283 ||| STAIRDANCE
  1331 | D:3      | 1331 ||| STAIRDANCE
  1373 | D:3      | 1373 ||| STAIRDANCE
  1438 | D:3      | 1438 ||| STAIRDANCE
  1624 | D:3      | Noticed Terence
  1635 | D:3      | Killed Terence
  1636 | D:3      | Reached XP level 5. HP: 15/32 MP: 5/5
  1636 | D:3      | 1636 ||| FLEEEEING.
  1725 | D:3      | Noticed Grinder
  1725 | D:3      | Paralysed by Grinder for 5 turns
  1730 | D:3      | 1730 ||| ZAPPING wand of flame (15) at -1,-4 (Grinder;
                  | floor).
  1731 | D:3      | 1731 ||| ZAPPING wand of flame (14) at 0,-3 (Grinder;
                  | floor).
  1732 | D:3      | 1732 ||| ZAPPING wand of flame (13) at 0,-2 (Grinder;
                  | floor).
  1733 | D:3      | 1733 ||| ZAPPING wand of flame (12) at 0,-1 (Grinder;
                  | floor).
  1734 | D:3      | 1734 ||| ZAPPING wand of flame (11) at -1,2 (Grinder;
                  | floor).
  1735 | D:3      | 1735 ||| ZAPPING wand of flame (10) at 0,1 (Grinder;
                  | floor).
  1736 | D:3      | 1736 ||| ZAPPING wand of flame (9) at 0,1 (Grinder; floor).
  1737 | D:3      | 1737 ||| ZAPPING wand of flame (8) at 0,1 (Grinder; floor).
  1738 | D:3      | 1738 ||| ZAPPING wand of flame (7) at 0,1 (Grinder; floor).
  1739 | D:3      | 1739 ||| ZAPPING wand of flame (6) at 0,1 (Grinder; floor).
  1739 | D:3      | Killed Grinder
  1740 | D:3      | Reached skill level 7 in Ranged Weapons
  1740 | D:3      | Reached XP level 6. HP: 37/37 MP: 6/6
  1853 | D:3      | Noticed Natasha
  1869 | D:3      | 1869 ||| ZAPPING wand of flame (5) at 0,1 (Natasha; floor).
  1869 | D:3      | Killed Natasha
  1870 | D:3      | 1870 ||| FLEEEEING.
  2263 | D:3      | Noticed Natasha
  2274 | D:3      | Killed Natasha
  2365 | D:3      | 2365 ||| READING 2 scrolls of identify.
  2365 | D:3      | 2365 ||| IDENTIFYING orange potion
  2825 | D:4      | 2825 ||| FLEEEEING.
  2906 | D:4      | Reached XP level 7. HP: 43/43 MP: 7/7
  3084 | D:4      | 3084 ||| UPGRADING to +0 ring mail.
  3094 | D:4      | 3094 ||| DROPPING +0 leather armour.
  3095 | D:4      | 3095 ||| READING scroll of identify.
  3095 | D:4      | 3095 ||| IDENTIFYING bubbling brown potion
  3096 | D:4      | 3096 ||| READING scroll labelled YMIETE RIEHAIDIGG.
  3097 | D:4      | 3097 ||| READING scroll labelled QYUBAL JEKUXA.
  3098 | D:4      | 3098 ||| DROPPING potion of magic.
  3115 | D:5      | Entered Level 5 of the Dungeon
  3156 | D:5      | 3156 ||| SWAPPING to +0 orcbow.
  3157 | D:5      | 3157 ||| DROPPING +0 shortbow.
  3417 | D:5      | 3417 ||| FLEEEEING.
  3472 | D:5      | 3472 ||| DRINKING 3 potions of curing.
  3472 | D:5      | 3472 ||| (to cure confusion)
  3483 | D:5      | 3483 ||| FLEEEEING.
  3494 | D:5      | 3494 ||| FLEEEEING.
  3603 | D:5      | Identified the +6 sling of the Meager God {antimagic, Will-
                  | Str+4 Int+5}
  3624 | D:5      | Reached skill level 8 in Ranged Weapons
  3624 | D:5      | 3624 ||| FLEEEEING.
  3796 | D:5      | Reached XP level 8. HP: 26/48 MP: 8/8
  3796 | D:5      | 3796 ||| FLEEEEING.
  3800 | D:5      | 3800 ||| STAIRDANCE
  3873 | D:4      | 3873 ||| READING scroll labelled UMUKHI ADGHE.
  3874 | D:4      | 3874 ||| DRINKING 2 pink potions.
  3875 | D:4      | 3875 ||| DROPPING potion of degeneration.
  4175 | D:5      | 4175 ||| READING scroll of identify.
  4175 | D:5      | 4175 ||| IDENTIFYING scroll labelled DAROYB CINIDE
  4176 | D:5      | 4176 ||| READING scroll of enchant weapon.
  4176 | D:5      | 4176 ||| ENCHANTING +0 orcbow.
  4197 | D:6      | Noticed Sigmund
  4198 | D:6      | 4198 ||| ZAPPING wand of iceblast (11) at 3,4 (floor).
  4198 | D:6      | Noticed Prince Ribbit
  4199 | D:6      | 4199 ||| ZAPPING wand of iceblast (10) at 3,4 (Sigmund;
                  | floor).
  4199 | D:6      | Killed Sigmund
  4204 | D:6      | 4204 ||| ZAPPING wand of iceblast (9) at 1,2 (Prince
                  | Ribbit; floor).
  4208 | D:6      | 4208 ||| STAIRDANCE
  4210 | D:5      | 4210 ||| FLEEEEING.
  4271 | D:6      | 4271 ||| ZAPPING wand of iceblast (8) at 1,2 (floor).
  4272 | D:6      | 4272 ||| ZAPPING wand of iceblast (7) at 2,3 (Prince
                  | Ribbit; floor).
  4272 | D:6      | Killed Prince Ribbit
  4273 | D:6      | Reached skill level 9 in Ranged Weapons
  4273 | D:6      | Found a glowing golden altar of the Shining One.
  4301 | D:6      | HP: 11/51 [orc priest/divine providence (8)]
  4302 | D:6      | 4302 ||| READING 4 scrolls of teleportation.
  4469 | D:6      | Found a sparkling altar of Nemelex Xobeh.
  4514 | D:6      | Reached skill level 6 in Fighting
  4515 | D:6      | Found an opulent altar of Gozag.
  4531 | D:6      | 4531 ||| DRINKING 2 potions of curing.
  4531 | D:6      | 4531 ||| (to cure confusion)
  4576 | D:6      | 4576 ||| ZAPPING wand of iceblast (6) at 1,2 (floor).
  4634 | D:6      | Found a glowing silver altar of Zin.
  4636 | D:6      | 4636 ||| RETREEEEATING.
  4644 | D:6      | Reached skill level 10 in Ranged Weapons
  4657 | D:6      | Reached skill level 3 in Armour
  4657 | D:6      | Reached XP level 9. HP: 16/55 MP: 9/9
  4660 | D:6      | 4660 ||| FLEEEEING.
  5008 | D:6      | Noticed Maggie
  5009 | D:6      | 5009 ||| ZAPPING wand of iceblast (5) at -3,-4 (Maggie;
                  | floor).
  5010 | D:6      | 5010 ||| ZAPPING wand of iceblast (4) at -3,-4 (Maggie;
                  | floor).
  5011 | D:6      | 5011 ||| ZAPPING wand of iceblast (3) at -3,-4 (Maggie;
                  | floor).
  5018 | D:6      | Killed Maggie
  5306 | D:6      | 5306 ||| FLEEEEING.
  5343 | D:6      | 5343 ||| UPGRADING to +0 steam dragon scales.
  5353 | D:6      | 5353 ||| DROPPING +0 ring mail.
  5354 | D:6      | 5354 ||| READING scroll labelled DUEFONI NAESIL.
  5393 | D:6      | 5393 ||| READING scroll labelled TALE BAECKIAXI.
  5394 | D:6      | 5394 ||| FLEEEEING.
  5504 | D:6      | 5504 ||| DROPPING wand of flame (4).
  5565 | D:7      | Reached skill level 3 in Dodging
  5572 | D:7      | 5572 ||| FLEEEEING.
  5581 | D:7      | 5581 ||| DRINKING potion of curing.
  5581 | D:7      | 5581 ||| (to cure confusion)
  5582 | D:7      | 5582 ||| FLEEEEING.
  5583 | D:7      | 5583 ||| FLEEEEING.
  5584 | D:7      | 5584 ||| FLEEEEING.
  5585 | D:7      | 5585 ||| FLEEEEING.
  5586 | D:7      | 5586 ||| FLEEEEING.
  5587 | D:7      | 5587 ||| FLEEEEING.
  5588 | D:7      | 5588 ||| FLEEEEING.
  5589 | D:7      | 5589 ||| FLEEEEING.
  5590 | D:7      | 5590 ||| FLEEEEING.
  5591 | D:7      | 5591 ||| FLEEEEING.
  5592 | D:7      | 5592 ||| FLEEEEING.
  5593 | D:7      | 5593 ||| FLEEEEING.
  5594 | D:7      | 5594 ||| FLEEEEING.
  5595 | D:7      | 5595 ||| FLEEEEING.
  5596 | D:7      | 5596 ||| FLEEEEING.
  5597 | D:7      | 5597 ||| FLEEEEING.
  5598 | D:7      | 5598 ||| FLEEEEING.
  5599 | D:7      | 5599 ||| FLEEEEING.
  5600 | D:7      | 5600 ||| FLEEEEING.
  5601 | D:7      | 5601 ||| FLEEEEING.
  5602 | D:7      | 5602 ||| STAIRDANCE
  5696 | D:7      | 5696 ||| STAIRDANCE
  5855 | D:7      | 5855 ||| FLEEEEING.
  5856 | D:7      | 5856 ||| FLEEEEING.
  5857 | D:7      | 5857 ||| FLEEEEING.
  5858 | D:7      | 5858 ||| FLEEEEING.
  5865 | D:7      | 5865 ||| RETREEEEATING.
  5866 | D:7      | 5866 ||| RETREEEEATING.
  5870 | D:7      | 5870 ||| RETREEEEATING.
  5871 | D:7      | 5871 ||| RETREEEEATING.
  5872 | D:7      | 5872 ||| RETREEEEATING.
  5873 | D:7      | 5873 ||| RETREEEEATING.
  5877 | D:7      | Reached skill level 11 in Ranged Weapons
  5892 | D:7      | 5892 ||| RETREEEEATING.
  5895 | D:7      | HP: 10/59 [orc warrior/+2 heavy hand axe (6)]
  5896 | D:7      | 5896 ||| READING 3 scrolls of teleportation.
  5898 | D:7      | HP: 1/59 [orc warrior/+2 heavy hand axe (9)]
  6142 | D:7      | Identified the amulet of Midsummer {-Cast *Corrode Regen+
                  | Str+7}
  6262 | D:7      | 6262 ||| FLEEEEING.
  6466 | D:7      | Found a staircase to the Ecumenical Temple.
  6467 | D:7      | 6467 ||| PLANNING TEMPLE
  6468 | D:7      | 6468 ||| UPGRADING to +1 hat.
  6479 | D:7      | 6479 ||| RETREEEEATING.
  6480 | D:7      | 6480 ||| RETREEEEATING.
  6481 | D:7      | 6481 ||| RETREEEEATING.
  6482 | D:7      | 6482 ||| RETREEEEATING.
  6483 | D:7      | 6483 ||| RETREEEEATING.
  6484 | D:7      | Reached XP level 10. HP: 35/64 MP: 10/10
  6497 | D:7      | HP: 10/64 [yak (10)]
  6498 | D:7      | 6498 ||| READING 2 scrolls of teleportation.
  6500 | D:7      | HP: 2/64 [yak (9)]
  6500 | D:7      | Slain by a yak

Levels and vault maps discovered:
D:1:      ldierk_walled_garden, layout_loops_ring, minmay_misc_feat_more_columns
D:2:      layout_rooms, basic_altar, hangedman_decor_push,
          uniq_crazy_yiuf_cottage
D:3:      layout_loops_ring, uniq_grinder, uniq_natasha, uniq_terence
D:4:      layout_loops_cross, kennysheep_minor_cross, chequers_arboretum
D:5:      layout_gridville
D:6:      layout_basic, mainiacjoe_overflow_tiny_flanked,
          nicolae_overflow_crystal_walls, mainiacjoe_overflow_catch_the_wave,
          uniq_prince_ribbit1, uniq_sigmund, uniq_maggie
D:7:      layout_gridville, minmay_temple_entry_overgrown, hellmonk_no_cap

Skill      XL: |  1  2  3  4  5  6  7  8  9 |
---------------+----------------------------+-----
Ranged Weapons | 5 7 8 10 11 | 11.7
Fighting       | 3 4 6 8 |  8.0
Armour         | 1 2 3 |  3.4
Dodging        | 2 3 |  3.1
Stealth        | |  1.1

Action                     |  1- 3 |  4- 6 |  7- 9 | 10-12 || total
---------------------------+-------+-------+-------+-------++-------
   Fire: Shortbow          |   124 |   164 |     9 |       ||   297
         Orcbow            |       |       |   357 |    16 ||   373
  Evoke: Wand              |       |    11 |     9 |       ||    20
    Use: Scroll            |     5 |     1 |    10 |     1 ||    17
         Potion            |     2 |       |     4 |       ||     6
 Armour: Leather armour    |    96 |    61 |       |       ||   157
         Ring mail         |       |       |   185 |       ||   185
         Steam dragon scal |       |       |    91 |    15 ||   106
  Dodge: Dodged            |   104 |    67 |   212 |    16 ||   399

Table legend:
 A = Non-vault XP
 B = Vault XP
 C = Vault XP percentage of total XP
 D = Non-vault monster count
 E = Vault monster count
 F = Vault count percentage of total count
                 A         B        C        D         E       F
            +---------+---------+-------+---------+---------+-------
      Total |    3519 |    1362 |  27.9 |     146 |       9 |   5.8
            +---------+---------+-------+---------+---------+-------
        D:1 |      26 |       0 |   0.0 |      14 |       0 |   0.0
        D:2 |      86 |       0 |   0.0 |      29 |       0 |   0.0
        D:3 |     111 |     350 |  75.9 |      19 |       3 |  13.6
        D:4 |      47 |       0 |   0.0 |      14 |       0 |   0.0
        D:5 |     749 |       0 |   0.0 |      24 |       0 |   0.0
        D:6 |     898 |     965 |  51.8 |      24 |       4 |  14.3
        D:7 |    1602 |      47 |   2.9 |      22 |       2 |   8.3
            +---------+---------+-------+---------+---------+-------
